 Dungeon Crawl Stone Soup version 0.22.1-2-g9c5b331 (webtiles) character file.

37 diana the Sneak (level 3, 0/18 HPs)
             Began as a Vine Stalker Assassin on Nov 20, 2018.
             Slain by an adder (2 damage)
             ... on level 2 of the Dungeon.
             The game lasted 00:01:43 (1254 turns).

diana the Sneak (Vine Stalker Assassin)             Turns: 1254, Time: 00:01:43

Health: 0/18       AC:  4    Str: 13    XL:     3   Next: 41%
Magic:  0/4        EV: 11    Int: 11    God:
Gold:   39         SH:  0    Dex: 16    Spells: 2/2 levels left

rFire    . . .     SeeInvis .   a - +2 dagger
rCold    . . .     Gourm    .   (no shield)
rNeg     . . .     Faith    .   c - +0 robe
rPois    .         Spirit   +   m - +0 helmet
rElec    .         Reflect  .   d - +0 cloak
rCorr    .         Harm     .   (no gloves)
MR       .....                  (no boots)
Stlth    ++........             (no amulet)
HPRegen  0.06/turn              (no ring)
MPRegen  0.09/turn              (no ring)

@: lethally poisoned (0 -> -12), very slow
A: fangs 2, magic shield, antimagic bite, no potion heal 3, rot immunity
a: no special abilities


You were on level 2 of the Dungeon.
You were very hungry.

You visited 1 branch of the dungeon, and saw 2 of its levels.

You collected 39 gold pieces.

Inventory:

Hand Weapons
 a - a +2 dagger (weapon)
 b - a +0 blowgun
Missiles
 e - 8 poisoned needles
 f - 2 curare-tipped needles
Armour
 c - a +0 robe (worn)
 d - a +0 cloak (worn)
 m - a +0 helmet (worn)
Scrolls
 h - a scroll of amnesia {unknown}
 i - 2 scrolls of identify {unknown}
 k - a scroll of enchant armour {unknown}
 o - 2 scrolls of remove curse {unknown}
Potions
 j - a potion of agility {unknown}
 l - a potion of mutation {unknown}
 n - a potion of might {unknown}
Comestibles
 g - 4 rations


   Skills:
 - Level 1.7 Fighting
 * Level 3.0 Short Blades
 - Level 1.7 Throwing
 - Level 0.7 Dodging
 + Level 5.3 Stealth


You had 2 spell levels left.
You didn't know any spells.
Your spell library was empty.

Dungeon Overview and Level Annotations

Branches:
Dungeon (2/15)

Altars:


Innate Abilities, Weirdness & Mutations

You have extremely sharp teeth.
When hurt, damage is shared between your health and your magic reserves.
Your bite disrupts and absorbs the magic of your enemies.
Potions cannot restore your health.
You are immune to rotting.


Message History

You are too injured to fight recklessly!
You are too injured to fight recklessly!
You are too injured to fight recklessly!
You are too injured to fight recklessly!
You are too injured to fight recklessly!
You are too injured to fight recklessly!
You are too injured to fight recklessly!
You are too injured to fight recklessly!
You are too injured to fight recklessly!
You are too injured to fight recklessly!
You are too injured to fight recklessly!
You are too injured to fight recklessly!
You are too injured to fight recklessly!
* * * LOW HITPOINT WARNING * * *
You feel sick. The adder closely misses you. The adder bites you.
* * * LOW HITPOINT WARNING * * *
You are more poisoned.
The adder poisons you! The adder bites you.
You die...

...........#.'....#
...........'.'....#
...........###....##
..#...#....#######.##
.###.###.≈##≈# ##≈#
≈≈#≈≈≈#.≈≈##≈≈####≈≈##
≈≈.≈≈≈≈≈≈##≈≈≈≈≈##≈≈≈#
≈≈≈≈.≈#.##≈≈≈≈≈≈≈#≈≈≈#
≈≈≈.#..##≈≈≈≈≈≈S@#≈≈≈#
..P## ##≈≈≈≈≈≈≈≈≈≈≈≈≈#
...# ≈≈≈≈≈≈≈≈≈≈≈≈≈≈#
≈≈≈≈≈≈[#≈≈≈≈≈≈#
.≈≈≈≈.P#≈≈≈≈≈≈#
P.≈≈..P#≈≈≈≈≈≈#
#####.#≈≈#≈≈≈#
#≈≈#≈≈≈# #≈≈ #≈##


You could see an adder.

Vanquished Creatures
  An ooze (D:2)
  2 dart slugs
  2 giant cockroaches (D:1)
  2 goblins (D:2)
  5 hobgoblins
  5 jackals (D:1)
  2 kobolds
  A bat (D:2)
  2 frilled lizards (D:1)
  5 rats
27 creatures vanquished.

Notes
Turn   | Place    | Note
-------+----------+-------------------------------------------
     0 | D:1      | diana the Vine Stalker Assassin began the quest for the
                  | Orb.
     0 | D:1      | Reached XP level 1. HP: 11/11 MP: 2/2
    59 | D:1      | Reached skill level 5 in Stealth
    72 | D:1      | Reached XP level 2. HP: 15/15 MP: 3/3
  1038 | D:2      | Reached XP level 3. HP: 18/18 MP: 4/4
  1254 | D:2      | Slain by an adder

Skill      XL: |  1  2  3 |
---------------+----------+-----
Short Blades   | 2 3 |  3.0
Stealth        | 5 |  5.3
Fighting       | |  1.7
Throwing       | |  1.7
Dodging        | |  0.7

Action                   || total
-------------------------++-------
Melee: Dagger            ||    89
       Bite              ||    20
 Stab: Sleeping          ||     3
Armor: Robe              ||    21
Dodge: Dodged            ||    38
